 Dungeon Crawl Stone Soup version 0.17.1-2-g5865329 (webtiles) character file.

113 Jobasha the Ducker (level 5, -1/40 HPs)
             Began as a Human Gladiator on Jan 25, 2016.
             Slain by a gnoll
             ... wielding a +0 halberd
              (10 damage)
             ... on level 2 of the Dungeon.
             The game lasted 00:15:52 (1992 turns).

Jobasha the Ducker (Human Gladiator)                Turns: 1992, Time: 00:15:52

Health: -1/40      AC:  6    Str: 16    XL:     5   Next: 17%
Magic:  5/5        EV: 12    Int:  9    God:
Gold:   64         SH:  0    Dex: 13    Spells: 0 memorised, 4 levels left

rFire  + . .     SeeInvis .     g - +3 whip
rCold  . . .     Clarity  .     i - +0 ring mail
rNeg   + . .     SustAt   .     (no shield)
rPois  .         Gourm    .     c - +0 helmet
rElec  .         Spirit   .     (no cloak)
rCorr  .         Warding  .     (no gloves)
rMut   .         Stasis   .     (no boots)
MR     .....                    (no amulet)
Stlth  +.........               n - ring of positive energy
                                j - ring of protection from fire

@: not resistant to hostile enchantments, very unstealthy
A: no striking features
a: no special abilities


You were on level 2 of the Dungeon.
You were not hungry.

You visited 1 branch of the dungeon, and saw 2 of its levels.

You collected 64 gold pieces.

Inventory:

Hand Weapons
 a - a +0 rapier
 g - a +3 whip (weapon)
Missiles
 d - 2 throwing nets (quivered)
 m - 12 bolts of flame
Armour
 b - a +0 leather armour
 c - a +0 helmet (worn)
 i - a +0 ring mail (worn)
Jewellery
 j - a ring of protection from fire (left hand)
 l - an uncursed amulet of resist mutation
 n - a ring of positive energy (right hand)
Scrolls
 o - a scroll of noise
 p - a scroll of blinking {unknown}
Potions
 h - a potion of cure mutation {unknown}
 k - a potion of haste {unknown}
Comestibles
 e - a bread ration
 f - a beef jerky


   Skills:
 + Level 2.8 Fighting
 - Level 3.6 Short Blades
 + Level 1.1 Maces & Flails
 + Level 2.0 Throwing
 + Level 1.2 Armour
 + Level 3.9 Dodging
 + Level 0.7 Stealth


You had 4 spell levels left.
You didn't know any spells.

Dungeon Overview and Level Annotations

Branches:
Dungeon (2/15)

Altars:
Cheibriados


Message History

You hit the gnoll.
The gnoll is heavily wounded.
The gnoll hits you from afar with a halberd.
The gnoll hits you.
* * * LOW HITPOINT WARNING * * *
You hit the gnoll.
You kill the gnoll!
The gnoll barely misses you. The gnoll hits you with a club.
* * * LOW HITPOINT WARNING * * *
The gnoll closely misses you.
The gnoll throws a throwing net.
The throwing net completely misses you.
You see here a throwing net.
Throwing (i - inventory):
d - 3 throwing nets (quivered)
Press: ? - help, Shift-Dir - straight line, f - gnoll
Aim: a gnoll, wielding a club and wearing a wooden ring You throw a throwing net.
The throwing net hits the gnoll.
The gnoll is caught in the net!
The gnoll struggles against the net.
The gnoll hits you from afar with a halberd!
You die...

#.P.P#...########...[.....#......
####....... #....#.####÷P.PPP
###.#...# #..#.#.# #..♣♣♣♣
#.#..... .....#(#.# #...♣PP
#.#..##.####.##.#.# #...P..
#.#..# .# #......# ##P.P...
#.#..# # #####..###P..PP..
########.......♣♣PP.
#.g@.....>##.P♣♣ #
#g###########.P #.# ##... ♣♣###(#
.#?.. #...#.# .# #. #.).## ..
###..# ## #..# ...g...%.#


You could see 2 gnolls.

Vanquished Creatures
  2 adders (D:2)
  5 gnolls (D:2)
  An ooze (D:1)
  A worm (D:2)
  A giant gecko (D:1)
  2 bats
  2 giant cockroaches (D:1)
  7 hobgoblins
  4 jackals (D:2)
  A ball python (D:1)
  A giant newt (D:2)
  2 goblins
  5 kobolds
  7 rats (D:1)
  A plant (D:2)
42 creatures vanquished.

Notes
Turn   | Place    | Note
--------------------------------------------------------------
     0 | D:1      | Jobasha the Human Gladiator began the quest for the Orb.
     0 | D:1      | Reached XP level 1. HP: 16/16 MP: 1/1
   217 | D:1      | Reached XP level 2. HP: 22/22 MP: 2/2
   622 | D:1      | Reached XP level 3. HP: 27/27 MP: 3/3
   908 | D:1      | You fall through a shaft!
  1276 | D:2      | Reached skill level 1 in Armour
  1356 | D:2      | Reached XP level 4. HP: 33/33 MP: 4/4
  1483 | D:2      | Reached skill level 1 in Maces & Flails
  1818 | D:2      | Found a snail-covered altar of Cheibriados.
  1972 | D:2      | Reached XP level 5. HP: 34/39 MP: 5/5
  1992 | D:2      | Slain by a gnoll

Action                   |  1- 3 |  4- 6 || total
-------------------------+-------+-------++-------
Melee: Whip              |   109 |    41 ||   150
       Rapier            |     7 |       ||     7
Throw: Throwing net      |       |     1 ||     1
  Use: Scroll            |     4 |     2 ||     6
  Eat: Bread ration      |     1 |       ||     1
